 Dungeon Crawl Stone Soup version 0.25.0-10-g039870ee82 (console) character file.

Game seed: 14613862822700742878

214 bli the Slasher (level 5, -3/42 HPs)
             Began as a Demonspawn Monk on June 23, 2020.
             Slain by a worker ant (5 damage)
             ... on level 4 of the Dungeon.
             The game lasted 00:10:12 (3125 turns).

bli the Slasher (Demonspawn Monk)                   Turns: 3125, Time: 00:10:13

Health: -3/42      AC:  2    Str: 11    XL:     5   Next: 59%
Magic:  5/5        EV: 14    Int: 12    God:
Gold:   123        SH:  0    Dex: 22    Spells: 4/4 levels left

rFire    . . .     SeeInvis .   a - +0 falchion
rCold    . . .     Gourm    .   (no shield)
rNeg     . . .     Faith    .   b - +0 robe
rPois    .         Spirit   .   (no helmet)
rElec    .         Reflect  .   (no cloak)
rCorr    .         Harm     .   (no gloves)
MR       .....     Rnd*Tele +   (no boots)
Stlth    ++........             e - amulet of the acrobat
HPRegen  0.14/turn              o - ring of teleportation (curse)
MPRegen  0.09/turn              n - +6 ring of dexterity

@: lethally poisoned (-3 -> -8)
A: claws 2, powered by death 1
a: no special abilities


You were on level 4 of the Dungeon.
You were not hungry.

You visited 1 branch of the dungeon, and saw 4 of its levels.

You collected 123 gold pieces.

Inventory:

Hand Weapons
 a - a +0 falchion (weapon)
 h - a +1 whip of pain
Missiles
 g - 20 poisoned darts (quivered)
 p - 3 boomerangs
Armour
 b - a +0 robe (worn)
 m - a +0 leather armour
 t - a +0 pair of gloves
 x - a cursed +0 plate armour
Jewellery
 e - an amulet of the acrobat (around neck)
 n - a +6 ring of dexterity (right claw)
 o - a cursed ring of teleportation (left claw)
 z - an uncursed ring of resist corrosion {unknown}
Scrolls
 d - 4 scrolls of teleportation {unknown}
 f - 4 scrolls of remove curse {unknown}
 i - a scroll of amnesia {unknown}
 l - 3 scrolls of identify {unknown}
 q - a scroll of magic mapping {unknown}
 r - a scroll of enchant armour {unknown}
 s - a scroll of immolation {unknown}
 v - a scroll of random uselessness {unknown}
 y - a scroll of fog {unknown}
 A - a scroll of blinking {unknown}
Potions
 j - a potion of heal wounds
 k - a potion of cancellation {unknown}
 u - a potion of degeneration {unknown}
Comestibles
 c - 4 rations


   Skills:
 + Level 3.8 Fighting
 + Level 4.8 Long Blades
 + Level 3.3 Dodging
 - Level 1.7 Stealth
 * Level 0.6 Unarmed Combat


You had 4 spell levels left.
You didn't know any spells.
Your spell library contained the following spells:

 Spells                   Type           Power        Failure   Level  Hunger
 Beastly Appendage        Tmut           #.....       32%         1    ##.....
 Sticks to Snakes         Tmut           #.......     45%         2    ###....
 Spider Form              Tmut/Pois      #.........   69%         3    ####...
 Ice Form                 Ice/Tmut       #.......     97%         4    #####..
 Blade Hands              Tmut           #.........   100%        5    ######.


Dungeon Overview and Level Annotations

Branches:
Dungeon (4/15)
 Temple: D:4-7

Altars:
Ashenzari
Gozag
Kikubaaqudgha
Ru
Xom


Innate Abilities, Weirdness & Mutations

You have very sharp fingernails.
You regenerate a little health from kills.


Message History

The worker ant is moderately wounded.
You feel sick. The worker ant bites you.
You hit the worker ant.
The worker ant is moderately wounded.
You feel sick. The worker ant barely misses you.
You riposte.
You barely miss the worker ant.
The worker ant is moderately wounded.
You closely miss the worker ant.
The worker ant is moderately wounded.
You feel sick. The worker ant bites you.
* * * LOW HITPOINT WARNING * * *
You closely miss the worker ant.
The worker ant is moderately wounded.
You feel sick. The worker ant bites you.
* * * LOW HITPOINT WARNING * * *
The worker ant bites you.
* * * LOW HITPOINT WARNING * * *
You barely miss the worker ant.
The worker ant is moderately wounded.
The worker ant bites you.
You die...

.##.##.##.#
##..........######
.................
#......(.......##
#................
#..............#
#........a....#
#.......@.#
#.........#
#.........#
#####.##.## #.##.#
.<.... ########


You could see a worker ant.

Vanquished Creatures
  A black bear (D:2)
  6 adders
  3 worms
  2 dart slugs
  2 leopard geckos (D:3)
  4 orcs (D:3)
  4 bats
  4 giant cockroaches
  4 goblins
  5 hobgoblins
  3 quokkas (D:3)
  A ball python (D:2)
  3 frilled lizards
  6 kobolds
  5 rats
53 creatures vanquished.

Notes
Turn   | Place    | Note
-------+----------+-------------------------------------------
     0 | D:1      | bli the Demonspawn Monk began the quest for the Orb.
     0 | D:1      | Reached XP level 1. HP: 18/18 MP: 1/1
   238 | D:1      | Reached skill level 3 in Long Blades
   242 | D:1      | Gained mutation: You regenerate a little health from kills.
                  | [demonic ancestry]
   242 | D:1      | Reached XP level 2. HP: 24/24 MP: 2/2
   848 | D:2      | Reached XP level 3. HP: 19/29 MP: 3/3
  1270 | D:2      | Noticed a black bear
  1282 | D:2      | Killed a black bear
  1282 | D:2      | Reached skill level 4 in Long Blades
  1282 | D:2      | Gained mutation: You have sharp fingernails. [demonic
                  | ancestry]
  1282 | D:2      | Reached XP level 4. HP: 9/36 MP: 4/4
  1282 | D:2      | Gained mutation: You have very sharp fingernails. [demonic
                  | ancestry]
  1282 | D:2      | Reached XP level 5. HP: 10/41 MP: 5/5
  1759 | D:2      | Found a shattered altar of Ashenzari.
  2080 | D:3      | Found a sacrificial altar of Ru.
  2255 | D:3      | Found an opulent altar of Gozag.
  3060 | D:3      | Found a shimmering altar of Xom.
  3060 | D:3      | Found an ancient bone altar of Kikubaaqudgha.
  3109 | D:4      | HP: 2/42 [worker ant (4)]
  3124 | D:4      | HP: 2/42 [worker ant (4)]
  3125 | D:4      | Slain by a worker ant

Illustrated notes

Levels and vault maps discovered:
D:1:      matt_arrival_los_fun, layout_loops_ring
D:2:      layout_loops_ring, marbit_many_paths
D:3:      layout_loops_ring, lemuel_doored_altar,
          gammafunk_temple_overflow_wave, hangedman_decor_points,
          nicolae_ru_awakened_eye
D:4:      layout_loops_ring, minmay_a_box_with_orc_wizards_in_it

Skill      XL: |  1  2  3 |
---------------+----------+-----
Long Blades    | 3 4 |  4.8
Dodging        | 3 |  3.3
Fighting       | |  3.8
Stealth        | |  1.7
Unarmed Combat | |  0.6

Action                   |  1- 3 |  4- 6 || total
-------------------------+-------+-------++-------
Melee: Falchion          |    79 |   115 ||   194
Throw: Dart              |     6 |       ||     6
  Use: Potion            |       |     1 ||     1
 Stab: Sleeping          |     6 |    11 ||    17
  Eat: Chunk             |     1 |     3 ||     4
       Ration            |       |     1 ||     1
Armor: Robe              |     7 |     9 ||    16
Dodge: Dodged            |    66 |    84 ||   150
       Rpst.: Falchion   |    22 |    30 ||    52
